AoeStats
← FC_M@sTer

Oasis

509799193Analyzed
3v3 RM · 5d ago on Sep 28, 2026· 47m 9s· 6 players
Game mode
Random Map
Map size
Normal (6 player)
Population
200
Speed
Normal
Resources
Standard
Victory
Conquest
Starting age
Dark Age
Ending age
Imperial Age
RankedLock teamsTeams togetherTeam positionsShared explorationLock speedFull tech treeHidden civsTurbo modeCheats
Victory
Defeat
🇨🇴 Wu · Colombia
1386
+8
1208
+14
🇨🇴 Poles · Colombia
1049
+20
🇦🇷 Wei · Argentina
1196
-15
🇦🇷 Vietnamese · Argentina
1169
-14
🇦🇷 Persians · Argentina
1150
-13
FC_Satuplese
12:34 Feudal Age
13:19 Horse Collar
13:26 Double-Bit Axe
18:12 Castle Age
16:55 Bloodlines
18:23 Loom
19:20 Bow Saw
19:16 Husbandry
18:36 Light Cavalry
24:45 Scale Barding Armor
24:51 Forging
24:58 Heavy Plow
26:40 Chain Barding Armor
26:01 Pikeman
26:42 Squires
27:28 Town Watch
28:30 Wheelbarrow
29:58 Iron Casting
29:17 Gold Mining
29:23 Stone Mining
31:50 Hand Cart
38:10 Imperial Age
37:58 Szlachta Privileges
38:05 Town Patrol
38:12 Fletching
39:43 Conscription
40:32 Blast Furnace
39:26 Cavalier
42:27 Lechitic Legacy
41:29 Winged Hussar
43:33 Elite Obuch
47:26 Caravan
FC_M@sTer
5:55 Loom
6:55 Loom
9:31 Feudal Age
9:51 Man-at-Arms
21:37 Double-Bit Axe
27:10 Castle Age
25:29 Horse Collar
26:04 Fletching
27:06 Padded Archer Armor
27:00 Stone Mining
27:11 Gold Mining
27:28 Town Watch
32:16 Pikeman
39:37 Bodkin Arrow
47:43 Leather Archer Armor
FC_Proyecto_El_Conquistador_X
6:41 Loom
9:52 Feudal Age
23:49 Castle Age
22:27 Double-Bit Axe
25:28 Bow Saw
26:11 Fletching
27:35 Bodkin Arrow
30:55 Ballistics
38:12 Imperial Age
37:09 Wheelbarrow
38:11 Horse Collar
39:24 Bracer
40:49 Chemistry
41:55 Forging
42:38 Elite War Wagon
44:09 Coinage
43:40 Caravan
46:23 Conscription
46:10 Gold Mining
ElCidVuelve
5:49 Loom
16:18 Feudal Age
25:45 Double-Bit Axe
25:46 Horse Collar
32:53 Castle Age
32:40 Fletching
34:44 Bodkin Arrow
34:30 Crossbowman
35:50 Elite Skirmisher
38:12 Wheelbarrow
42:10 Padded Archer Armor
Kerry Camilanga
3:15 Loom
6:47 Loom
9:14 Feudal Age
15:30 Double-Bit Axe
16:07 Horse Collar
18:22 Gold Mining
22:44 Castle Age
21:51 Stone Mining
22:39 Bloodlines
22:44 Fletching
22:54 Padded Archer Armor
23:37 Bodkin Arrow
23:55 Bow Saw
25:50 Light Cavalry
28:19 Wheelbarrow
27:48 Heavy Plow
28:23 Scale Barding Armor
28:16 Town Watch
28:54 Elite Skirmisher
32:14 Ballistics
34:01 Gold Shaft Mining
34:51 Hand Cart
36:26 Treadmill Crane
36:58 Masonry
41:05 Chain Barding Armor
43:57 Imperial Age
42:08 Leather Archer Armor
43:36 Town Patrol
45:46 Stone Shaft Mining
44:39 Imperial Skirmisher
44:51 Heavy Hei Guang Cavalry
46:29 Bracer
47:00 Ring Archer Armor
Armando Estevi VOK
6:50 Loom
9:54 Feudal Age
14:31 Castle Age
16:41 Husbandry
16:25 Light Cavalry
19:38 Double-Bit Axe
22:06 Bow Saw
22:49 Bloodlines
22:46 Scale Barding Armor
25:51 Wheelbarrow
31:11 Forging
31:21 Chain Barding Armor
32:27 Bow Saw
31:59 Horse Collar
35:53 Iron Casting
38:24 Gold Mining
39:15 Hand Cart
38:48 Loom
38:54 Loom
Connection lost

Rejoining the realm…

Still unreachable

The connection could not be restored.

Session expired

The server has moved on; the page needs a fresh start.